 Dungeon Crawl Stone Soup version 0.24.0-124-g2791043dd8 (webtiles) character file.

Game seed: 18095948333273950467, levelgen mode: deterministic

2610 HawFromDerth the Covert (level 9, 0/88 HPs)
             Began as a Vampire Assassin on Feb 15, 2020.
             Was a Believer of Hepliaklqana.
             Slain by a hippogriff (3 damage)
             ... while petrified by a basilisk
             ... on level 7 of the Dungeon.
             The game lasted 00:20:02 (6315 turns).

HawFromDerth the Covert (Vampire Assassin)          Turns: 6315, Time: 00:20:03

Health: 0/88       AC:  6    Str: 15    XL:     9   Next: 34%
Magic:  9/9        EV:  2    Int: 14    God:    Hepliaklqana [**....]
Gold:   344        SH:  0    Dex: 18    Spells: 8/8 levels left

rFire    . . .     SeeInvis +   p - +3 short sword (venom)
rCold    . . .     Gourm    .   (no shield)
rNeg     + + +     Faith    .   F - +0 troll leather armour
rPois    ∞         Spirit   .   (no helmet)
rElec    .         Reflect  .   c - -2 cloak of Detob {-Tele Regen+ Slay+4}
rCorr    .         Harm     .   n - +0 pair of gloves
MR       .....     NoTele   +   j - +0 pair of boots
Stlth    ..........             (no amulet)
HPRegen  1.24/turn              (no ring)
MPRegen  0.11/turn              (no ring)

@: berserking, petrified, regenerating quickly
A: no food, reduced essence, fangs 3, see invisible, unbreathing
a: Exsanguinate, Recall Ancestor, Ancestor Identity, Renounce Religion


You were on level 7 of the Dungeon.
You worshipped Hepliaklqana.
Hepliaklqana was pleased with you.
You were alive.

You visited 1 branch of the dungeon, and saw 7 of its levels.

You collected 344 gold pieces.

Inventory:

Hand Weapons
 a - a +2 dagger
 p - a +3 short sword of venom (weapon)
Missiles
 d - 21 poisoned darts (quivered)
 e - 2 curare-tipped darts
Armour
 c - the -2 cloak of Detob (worn) {-Tele Regen+ Slay+4}
   (You found it on level 7 of the Dungeon)

   It affects your accuracy and damage with ranged weapons and melee attacks
   (+4).
   It prevents most forms of teleportation.
   It increases your rate of regeneration.
 j - a +0 pair of boots (worn)
 n - a +0 pair of gloves (worn)
 F - a +0 troll leather armour (worn)
Jewellery
 y - an uncursed amulet of rage {unknown}
Wands
 b - a wand of flame (21)
 h - a wand of random effects (31)
 E - a wand of acid (11)
Scrolls
 f - 6 scrolls of teleportation
 g - 7 scrolls of identify
 i - a scroll of blinking
 k - 6 scrolls of remove curse
 o - 3 scrolls of enchant weapon
 q - 2 scrolls of magic mapping {unknown}
 t - a scroll of amnesia
 D - a scroll of enchant armour {unknown}
 G - a scroll of fear {unknown}
Potions
 l - 4 potions of heal wounds {unknown}
 m - a potion of ambrosia
 r - a potion of lignification {unknown}
 s - 2 potions of might {unknown}
 u - 2 potions of cancellation {unknown}
 v - a potion of mutation {unknown}
 w - a potion of brilliance
 x - a potion of curing {unknown}
 z - 2 potions of invisibility
 A - a potion of flight {unknown}
 B - 3 potions of haste {unknown}
 C - a potion of agility {unknown}


   Skills:
 + Level 4.3 Fighting
 + Level 7.7 Short Blades
 + Level 1.8 Throwing
 + Level 3.8 Armour
 + Level 3.9 Dodging
 + Level 12.8 Stealth


You had 8 spell levels left.
You didn't know any spells.
Your spell library was empty.

Dungeon Overview and Level Annotations

Branches:
Dungeon (7/15)             Temple (0/1) D:7

Altars:
Gozag
Hepliaklqana
Makhleb
Okawaru
Sif Muna
Uskayaw
Zin

Annotations:
D:3 3 runed translucent doors, Burgietje's ghost, amateur GrFi
D:7 1 transporter, Xerdoz's ghost, novice TrHu


Innate Abilities, Weirdness & Mutations

You do not eat.
Your natural rate of healing is unusually fast.
You have razor-sharp teeth.
You have supernaturally acute eyesight. (SInv)
You can survive without breathing.
Your life essence is reduced to manifest your ancestor. (-10% HP)


Message History

A red film seems to cover your vision as you go berserk!
You feel yourself moving faster!
You feel mighty!
The hippogriff bites you but does no damage.
The hippogriff barely misses you. The hippogriff completely misses you.
The crocodile bites you!! The hippogriff bites you!
* * * LOW HITPOINT WARNING * * *
The hippogriff pecks you!
* * * LOW HITPOINT WARNING * * *
The hippogriff claws you.
* * * LOW HITPOINT WARNING * * *
The moth of wrath bites you but does no damage.
Xerdoz's ghost hits you!
* * * LOW HITPOINT WARNING * * *
The crocodile bites you!
* * * LOW HITPOINT WARNING * * *
The hippogriff bites you!
* * * LOW HITPOINT WARNING * * *
The hippogriff pecks you.
You die...

.#.# #.# #...............######
.#.####.####..####.©.####...##
.#...........##..##### .###..#
.##...#......#t...($?..#..##.#
.#.###..##..##.##..=###....#.####
...# #>.##..#.....#.....#.##.##..
...###..##..#.t##H.©..#...#...†..
.##...###...#..WtyH#..##.H#.%##.#
.###........##.H@#...#$...#.%##.#
........#....#....#......##..##.#
.######.##.#.#####..###©##...##.#
.# #.##.#.....####©###(......# .#
#.##....##..........##.#### .#
#.#####.#######.#.####..... .#
#.# #.# #...# ###### .# #># #.#
###.# .# #.# #.# #.#


You could see a moth of wrath, 3 hippogriffs, 2 crocodiles and Xerdoz's ghost.

Vanquished Creatures
  Grinder (D:6)
  A steam dragon (D:7)
  Edmund (D:6)
  Duvessa (D:6)
  2 sky beasts (D:7)
  An ogre (D:6)
  A centaur (D:6)
  Dowan (D:6)
  A scorpion (D:6)
  2 wights (D:7)
  A jelly (D:5)
  2 centaur zombies (D:6)
  2 hounds (D:6)
  An iguana (D:4)
  3 worker ants
  A hound zombie (D:6)
  3 hound skeletons
  3 gnolls
  10 adders
  A shadow imp (D:6)
  2 worms
  3 dart slugs
  6 leopard geckos
  2 orcs (D:4)
  6 giant cockroaches
  7 goblins
  7 hobgoblins
  3 jackals (D:7)
  3 quokkas
  9 bats
  3 frilled lizards
  8 kobolds
  A leopard gecko skeleton (D:5)
  7 rats
106 creatures vanquished.

Vanquished Creatures (collateral kills)
  A troll (D:7)
  A hippogriff (D:7)
  A hungry ghost (D:7)
  A sky beast (D:6)
  An ogre (D:5)
  A bullfrog (D:6)
  3 wights (D:7)
  A centaur zombie (D:5)
  A crimson imp (D:6)
  A bullfrog skeleton (D:6)
  Robin (D:2)
  2 gnolls (D:3)
  An ooze (D:3)
  An adder zombie (D:5)
  A worm (D:3)
  A leopard gecko (D:5)
  A bat (D:2)
  A giant cockroach (D:3)
  3 goblins (D:7)
  3 hobgoblins
  A jackal (D:7)
  A kobold (D:2)
29 creatures vanquished.

Vanquished Creatures (others)
  3 battlemagi
  2 ancestors
5 creatures vanquished.

Grand Total: 140 creatures vanquished

Notes
Turn   | Place    | Note
-------+----------+-------------------------------------------
     0 | D:1      | HawFromDerth the Vampire Assassin began the quest for the
                  | Orb.
     0 | D:1      | Reached XP level 1. HP: 16/16 MP: 1/1
    11 | D:1      | Reached skill level 6 in Stealth
    89 | D:1      | Reached XP level 2. HP: 15/22 MP: 2/2
   805 | D:2      | Found a hazy altar of Hepliaklqana.
   851 | D:2      | Reached XP level 3. HP: 17/27 MP: 3/3
   891 | D:2      | Became a worshipper of Hepliaklqana the Forgotten
   950 | D:2      | Reached skill level 7 in Stealth
  1146 | D:2      | Noticed Robin
  1151 | D:2      | Reached XP level 4. HP: 29/29 MP: 4/4
  1156 | D:2      | Killed Robin
  2015 | D:3      | Found a burning altar of Makhleb.
  2028 | D:3      | Noticed a cacodemon
  2030 | D:3      | Found a glowing silver altar of Zin.
  2031 | D:3      | Noticed an angel
  2049 | D:3      | Reached XP level 5. HP: 30/35 MP: 5/5
  2285 | D:3      | Found an opulent altar of Gozag.
  2297 | D:3      | Reached skill level 8 in Stealth
  2349 | D:3      | Found a hide-covered altar of Uskayaw.
  2349 | D:3      | Noticed a +0 dagger
  2349 | D:3      | Noticed a +0 dagger
  2440 | D:3      | Found a runed translucent gate.
  2440 | D:3      | Found a runed translucent gate.
  2442 | D:3      | Found a runed translucent gate.
  2443 | D:3      | Noticed Burgietje's ghost (amateur GrFi)
  2488 | D:3      | Found a faded altar of an unknown god.
  2733 | D:4      | Reached * piety under Hepliaklqana
  3183 | D:5      | Entered Level 5 of the Dungeon
  3186 | D:5      | Reached XP level 6. HP: 41/41 MP: 6/6
  3407 | D:5      | Reached ** piety under Hepliaklqana
  3423 | D:5      | Remembered your ancestor Marzanna as a battlemage
  3530 | D:5      | Found an iron altar of Okawaru.
  3530 | D:5      | Found a shimmering blue altar of Sif Muna.
  3640 | D:5      | Reached skill level 9 in Stealth
  3823 | D:5      | Reached skill level 5 in Short Blades
  3883 | D:6      | Noticed Dowan
  3886 | D:6      | Noticed Duvessa
  3890 | D:6      | Killed Dowan
  3890 | D:6      | Reached XP level 7. HP: 45/45 MP: 7/7
  3921 | D:6      | Killed Duvessa
  3921 | D:6      | Reached skill level 1 in Armour
  4455 | D:6      | Reached skill level 10 in Stealth
  4645 | D:6      | Noticed Grinder
  4651 | D:6      | Killed Grinder
  4651 | D:6      | Reached XP level 8. HP: 47/47 MP: 8/8
  4963 | D:6      | Noticed Edmund
  4970 | D:6      | Killed Edmund
  5105 | D:6      | Reached skill level 11 in Stealth
  5506 | D:7      | Found a transporter.
  5506 | D:7      | Noticed Xerdoz's ghost (novice TrHu)
  5520 | D:7      | Noticed a hippogriff
  5548 | D:7      | Noticed a troll
  5562 | D:7      | Killed a troll
  5562 | D:7      | Reached skill level 12 in Stealth
  5669 | D:7      | Found a transporter.
  5670 | D:7      | Noticed a hippogriff
  5670 | D:7      | Noticed a moth of wrath
  5679 | D:7      | Reached XP level 9. HP: 58/58 MP: 9/9
  5868 | D:7      | Found a staircase to the Ecumenical Temple.
  6053 | D:7      | Got a translucent cloak
  6059 | D:7      | Identified the -2 cloak of Detob {-Tele Regen+ Slay+4} (You
                  | found it on level 7 of the Dungeon)
  6117 | D:7      | Found a flagged portal.
  6315 | D:7      | HP: 3/88 [hippogriff (5)]
  6315 | D:7      | Slain by a hippogriff

Levels and vault maps discovered:
D:1:      sevenhm_arrival_forest_fort_small_3, layout_loops_ring,
          chequers_decorated_corner
D:2:      wad_river_or_something, layout_basic, lemuel_round_altar, uniq_robin
D:3:      layout_basic, grunt_temple_overflow_order_and_chaos_2,
          dancing_weapons_uskayaw, gammafunk_ghost_nasty_kobolds,
          chequers_ecumenical_altar_simple_redux,
          corexii_item_surrounded_by_moat,
          nicolae_gozag_cash_rules_everything_around_me
D:4:      layout_gridville, first_ration, serial_forest,
          infiniplex_forest_end_3, infiniplex_forest_end_1,
          infiniplex_forest_corner_1, infiniplex_forest_clump_tiny,
          infiniplex_forest_clump_curved, infiniplex_forest_straight_1,
          infiniplex_forest_lined_2, st_stairs_9
D:5:      minmay_diamond_boxcup, layout_rooms, gammafunk_temple_overflow_wave
D:6:      layout_layer_cave, grunt_ministairs_11, minmay_misc_feat_ornament,
          columned_hall_lemuel, uniq_edmund, uniq_grinder, uniq_duvessa
D:7:      layout_loops_ring, minmay_temple_entry_wispy,
          gammafunk_ghost_berserking_beasts, enter_bailey_3

Skill      XL: |  1  2  3  4  5  6  7  8 |
---------------+-------------------------+-----
Stealth        | 6 7 8 9 10 12 | 12.8
Fighting       | 2 3 4 |  4.3
Short Blades   | 3 4 5 6 7 |  7.7
Dodging        | 2 3 |  3.9
Armour         | 2 3 |  3.8
Throwing       | |  1.8

Action                   |  1- 3 |  4- 6 |  7- 9 || total
-------------------------+-------+-------+-------++-------
Melee: Dagger            |    80 |       |       ||    80
       Bite              |     5 |     7 |     6 ||    18
       Short sword       |    10 |   106 |    73 ||   189
Throw: Dart              |       |     1 |     1 ||     2
Invok: Recall Ancestor   |     1 |       |       ||     1
       Ancestor Identity |       |     1 |     1 ||     2
       Ancestor Life: Ba |       |     1 |       ||     1
 Abil: Exsanguinate      |       |       |     1 ||     1
       Revivify          |       |       |     1 ||     1
  Use: Scroll            |       |     6 |       ||     6
       Potion            |       |     3 |       ||     3
 Stab: Sleeping          |    11 |    19 |    17 ||    47
       Distracted        |       |     1 |       ||     1
Armor: Robe              |    14 |    19 |       ||    33
       Leather armour    |       |     6 |     6 ||    12
       Troll leather arm |       |       |    16 ||    16
Dodge: Dodged            |    50 |    49 |    53 ||   152
